 Dungeon Crawl Stone Soup version 0.19-a0-749-g66ae36b (webtiles) character file.

124 Implojin the Ruffian (level 4, -1/44 HPs)
             Began as a Troll Fighter on June 24, 2016.
             Slain by a dart slug (2 damage)
             ... on level 3 of the Dungeon.
             The game lasted 00:01:50 (294 turns).

Implojin the Ruffian (Troll Fighter)                 Turns: 294, Time: 00:01:51

Health: -1/44      AC:  5    Str: 29    XL:     4   Next: 81%
Magic:  3/3        EV:  8    Int:  4    God:
Gold:   29         SH:  9    Dex: 10    Spells: 0 memorised, 3 levels left

rFire  . . .     SeeInvis .       - Unarmed
rCold  . . .     Gourm    +     a - +0 robe
rNeg   . . .     Faith    .     b - +0 shield
rPois  .         Spirit   .     (helmet restricted)
rElec  .         Dismiss  .     (no cloak)
rCorr  .         Reflect  .     (gloves unavailable)
SustAt .         Harm     .     (boots unavailable)
MR     .....                    (no amulet)
Stlth  +.........               (no ring)
                                (no ring)

@: mighty, not resistant to hostile enchantments, very unstealthy
A: unfitting armour, claws 3, fast metabolism 3, gourmand, regeneration 2,
shaggy fur 1, tough skin 2
a: no special abilities


You were on level 3 of the Dungeon.
You were not hungry.

You visited 1 branch of the dungeon, and saw 3 of its levels.

You collected 29 gold pieces.

Inventory:

Armour
 a - a +0 robe (worn)
 b - a +0 shield (worn)
Scrolls
 e - a scroll of fear {unknown}
 i - 3 scrolls of remove curse {unknown}
Potions
 f - 2 potions of mutation {unknown}
 g - a potion of degeneration {unknown}
 h - a potion of ambrosia {unknown}
Comestibles
 d - 2 bread rations


   Skills:
 - Level 2.4 Fighting
 - Level 2.4 Dodging
 - Level 2.4 Shields
 * Level 5.1 Unarmed Combat


You had 3 spell levels left.
You didn't know any spells.

Dungeon Overview and Level Annotations

Branches:
Dungeon (3/15)

Altars:


Innate Abilities, Weirdness & Mutations

You are too large for most types of armour.
You have claws for hands.
Your metabolism is lightning-fast.
You like to eat raw meat.
You heal very quickly.
You are covered in fur. (AC +1)
You have very tough skin. (AC +2)


Message History

The giant gecko bites you but does no damage.
You block the gnoll's attack. The gnoll hits you.
* * * LOW HITPOINT WARNING * * *
You block the ice beast's attack.
Okay, then.
Okay, then.
You mangle the ice beast!!
You kill the ice beast!
Your Unarmed Combat skill gained 2 levels and is now at level 5!
You have reached level 3!
Your experience leads to an increase in your attributes!
Your base attributes are Str 23, Int 4, Dex 9.
Increase (S)trength, (I)ntelligence, or (D)exterity?
You feel agile.
You feel stronger.
You have reached level 4!
The giant gecko bites you but does no damage.
You block the gnoll's attack. The gnoll hits you with a whip.
* * * LOW HITPOINT WARNING * * *
The giant gecko closely misses you.
You closely miss the gnoll. You block the gnoll's attack.
The gnoll closely misses you. x2
The giant gecko bites you but does no damage.
You mangle the gnoll!!
You kill the gnoll!
The gnoll hits you.
* * * LOW HITPOINT WARNING * * *
You block the gnoll's attack.
The giant gecko splashes around in the water.
You claw the gnoll!
The gnoll is heavily wounded.
You block the gnoll's attack. The gnoll hits you with a whip.
* * * LOW HITPOINT WARNING * * *
The giant gecko bites you.
* * * LOW HITPOINT WARNING * * *
Your shield prevents you from hitting the gnoll.
The gnoll is heavily wounded.
The gnoll splashes around in the water.
The gnoll closely misses you.
The giant gecko splashes around in the water.
The dart slug bites you.
You die...

#≈≈≈≈#≈≈..≈≈≈≈≈w
≈≈≈≈≈≈≈≈(≈≈≈#≈≈≈
≈≈≈≈≈≈≈..⌠≈≈≈≈≈#
.#≈≈#≈≈[<(≈≈≈≈≈≈
≈≈≈≈w≈w[..≈≈≈≈≈≈
≈≈≈≈≈≈≈≈.≈≈≈w≈≈≈
.≈≈≈≈≈≈≈.≈≈≈≈≈≈≈
.w≈#≈≈.w≈.≈≈≈≈.
..≈≈≈≈≈.@)≈≈≈w≈.
...≈≈#≈ggl≈≈≈≈..
.#...≈≈#g≈#≈.##.
......#≈.≈≈##...
#..... ..... ...
##.......!... ..
.............
... ..........


You could see 3 gnolls, 6 dart slugs and a giant gecko.

Vanquished Creatures
  An ice beast (D:3)
  A gnoll (D:3)
  An adder (D:2)
  2 dart slugs (D:3)
  A giant cockroach (D:2)
  4 hobgoblins (D:2)
  2 kobolds
  2 rats (D:2)
14 creatures vanquished.

Notes
Turn   | Place    | Note
--------------------------------------------------------------
     0 | D:1      | Implojin the Troll Fighter began the quest for the Orb.
     0 | D:1      | Reached XP level 1. HP: 22/22 MP: 0/0
   212 | D:2      | Reached skill level 3 in Unarmed Combat
   212 | D:2      | Reached XP level 2. HP: 29/29 MP: 1/1
   276 | D:3      | Noticed an ice beast
   290 | D:3      | Killed an ice beast
   290 | D:3      | Reached skill level 5 in Unarmed Combat
   290 | D:3      | Reached XP level 3. HP: 10/36 MP: 2/2
   290 | D:3      | Reached XP level 4. HP: 12/44 MP: 3/3
   293 | D:3      | HP: 1/44 [giant gecko (3)]
   294 | D:3      | Slain by a dart slug

Vault maps used:
D:1:      shiori_arrival_oz, serial_forest, infiniplex_forest_lined_2,
          infiniplex_forest_end_double, infiniplex_forest_clump_small,
          infiniplex_forest_clump_small, infiniplex_forest_clump_tiny,
          infiniplex_forest_lined_ring, infiniplex_forest_clump_double,
          infiniplex_forest_end_1, infiniplex_forest_zigzag_1,
          infiniplex_forest_clump_medium
D:2:      elyvilon_altar_4, uniq_iyjb
D:3:      kennysheep_slugbush, ecumenical_altar_2, st_stairs_11,
          saegor_snake_ambush

Skill      XL: |  1  2 |
---------------+-------+-----
Unarmed Combat | 3 5 |  5.1
Fighting       | |  2.4
Dodging        | |  2.4
Shields        | |  2.4

Action                   |  1- 3 |  4- 6 || total
-------------------------+-------+-------++-------
Melee: Unarmed           |    31 |     4 ||    35
  Use: Potion            |     1 |       ||     1
Armor: Robe              |    19 |     2 ||    21
Dodge: Dodged            |    17 |     4 ||    21
Block: Shield            |    21 |     4 ||    25

Table legend:
 A = Turns spent in this place as a percentage of turns spent in the entire game.
 B = Non-inter-level travel turns spent in this place as a percentage of non-inter-level travel turns spent in the entire game.
 C = Inter-level travel turns spent in this place as a percentage of turns spent in this place.
 D = Turns resting spent in this place as a percentage of non-inter-level travel turns spent in this place.
 E = Turns spent auto-exploring this place as a percentage of non-inter-level travel turns spent in this place.
 F = Non-inter-level travel turns spent in this place divided by the number of levels of this place that you've seen.
                   A       B       C       D       E      F
               +-------+-------+-------+-------+-------+----------------------
         Total | 100.0 | 100.0 |   0.0 |   0.0 |   0.0 | 100.7
       Dungeon | 100.0 | 100.0 |   0.0 |   0.0 |   0.0 | 100.7
               +-------+-------+-------+-------+-------+----------------------

Table legend:
 A = Kills in this place as a percentage of kills in entire the game.
 B = Kills by you in this place as a percentage of kills by you in the entire game.
 C = Kills by friends in this place as a percentage of kills by friends in the entire game.
 D = Other kills in this place as a percentage of other kills in the entire game.
 E = Experience gained in this place as a percentage of experience gained in the entire game.
 F = Experience gained in this place divided by the number of levels of this place that you have seen.
                   A       B       C       D       E      F
               +-------+-------+-------+-------+-------+----------------------
         Total | 100.0 | 100.0 |  -nan |  -nan | 100.0 |  59.3
       Dungeon | 100.0 | 100.0 |  -nan |  -nan | 100.0 |  59.3
               +-------+-------+-------+-------+-------+----------------------
